 Dungeon Crawl Stone Soup version 0.21.1-1-g345015f (webtiles) character file.

113 xccam the Cudgeler (level 4, -2/49 HPs)
             Began as a Demonspawn Gladiator on Feb 20, 2018.
             Slain by appiemonkey's ghost (8 damage)
             ... on level 3 of the Dungeon.
             The game lasted 00:04:42 (1604 turns).

xccam the Cudgeler (Demonspawn Gladiator)           Turns: 1604, Time: 00:04:43

Health: -2/49      AC: 22    Str: 13 (15) XL:     4   Next: 65%
Magic:  4/4        EV:  2    Int: 11 (14) God:
Gold:   65         SH:  0    Dex: 12 (15) Spells: 3/3 levels left

rFire    . . .     SeeInvis .   a - +0 flail
rCold    . . .     Gourm    .   (no shield)
rNeg     + + +     Faith    .   (armour currently unavailable)
rPois    +         Spirit   .   (helmet currently unavailable)
rElec    .         Reflect  .   (cloak currently unavailable)
rCorr    .         Harm     +   (gloves currently unavailable)
MR       ++...     NoTele   +   (boots currently unavailable)
Stlth    +.........             x - amulet of harm
HPRegen  0.16/turn              m - ring of protection from magic
MPRegen  0.09/turn              u - ring of protection from magic

@: brilliant, tree-form
A: powered by death 1
a: no special abilities


You were on level 3 of the Dungeon.
You were not hungry.
You were a tree.
You visited 1 branch of the dungeon, and saw 3 of its levels.

You collected 65 gold pieces.

Inventory:

Hand Weapons
 a - a +0 flail (weapon)
Missiles
 d - 4 throwing nets (quivered)
Armour
 b - a +0 leather armour
 c - a +0 helmet (melded)
 o - a +0 scale mail (melded)
Jewellery
 m - a ring of protection from magic (left branch)
 p - an uncursed ring of fire
 u - a ring of protection from magic (right branch)
 x - an amulet of harm (around neck)
Wands
 z - a wand of iceblast (9)
Scrolls
 g - a scroll of magic mapping {unknown}
 j - 3 scrolls of remove curse
 l - a scroll of noise {unknown}
 n - 2 scrolls of teleportation {unknown}
 r - 3 scrolls of identify {unknown}
 t - a scroll of random uselessness {unknown}
 v - a scroll of blinking {unknown}
 w - a scroll of amnesia {unknown}
 y - 2 scrolls of enchant weapon {unknown}
Comestibles
 f - 4 rations


   Skills:
 - Level 2.0 Fighting
 + Level 3.9 Maces & Flails
 - Level 1.7 Throwing
 - Level 2.6 Dodging
 * Level 2.8 Unarmed Combat


You had 3 spell levels left.
You didn't know any spells.

Dungeon Overview and Level Annotations

Branches:
Dungeon (3/15)

Altars:
Ashenzari

Annotations:
D:3 appiemonkey's ghost, amateur GrFi


Innate Abilities, Weirdness & Mutations

((You have large cloven feet.))
You regenerate a little health from kills.


Message History

Appiemonkey's ghost hits you but does no damage.
You hit appiemonkey's ghost but do no damage.
Appiemonkey's ghost is heavily damaged.
Appiemonkey's ghost hits you. Appiemonkey's ghost hits you!
* * * LOW HITPOINT WARNING * * *
You hit appiemonkey's ghost.
Appiemonkey's ghost is severely damaged.
Appiemonkey's ghost barely misses you.
You barely miss appiemonkey's ghost.
You punch appiemonkey's ghost, but do no damage.
Appiemonkey's ghost is severely damaged.
Appiemonkey's ghost hits you but does no damage.
You closely miss appiemonkey's ghost.
Appiemonkey's ghost is severely damaged.
Appiemonkey's ghost hits you.
* * * LOW HITPOINT WARNING * * *
You hit appiemonkey's ghost but do no damage.
Appiemonkey's ghost is severely damaged.
Appiemonkey's ghost hits you!
You die...

#..........#
#.......##.#
#.......##.#
#...[...##.###
####.#####...#
########.#
###.#
.........# #>#
.# ##########
#.# .# #♣# .#
#.Ww....##
#######..
########.####.#
.......W.w.....
#<.# #)## #.#
#.#


You could see appiemonkey's ghost and a dart slug.

Vanquished Creatures
  Terence (D:2)
  3 adders (D:2)
  2 worms (D:2)
  2 dart slugs (D:2)
  A leopard gecko (D:1)
  An orc (D:3)
  7 bats
  3 giant cockroaches
  7 hobgoblins
  2 jackals (D:1)
  3 ball pythons
  2 frilled lizards
  5 goblins
  6 kobolds
  5 rats
50 creatures vanquished.

Notes
Turn   | Place    | Note
-------+----------+-------------------------------------------
     0 | D:1      | xccam the Demonspawn Gladiator began the quest for the Orb.
     0 | D:1      | Reached XP level 1. HP: 16/16 MP: 1/1
   137 | D:1      | Reached skill level 3 in Maces & Flails
   283 | D:1      | Gained mutation: You have large cloven feet. [demonic ancestry]
   283 | D:1      | Reached XP level 2. HP: 19/22 MP: 2/2
   417 | D:1      | Reached skill level 1 in Unarmed Combat
   709 | D:2      | Reached XP level 3. HP: 27/27 MP: 3/3
   864 | D:2      | Found a shattered altar of Ashenzari.
   969 | D:2      | Noticed Terence
   978 | D:2      | Killed Terence
   978 | D:2      | Gained mutation: You regenerate a little health from kills. [demonic ancestry]
   978 | D:2      | Reached XP level 4. HP: 18/33 MP: 4/4
  1328 | D:3      | Noticed appiemonkey's ghost (amateur GrFi)
  1604 | D:3      | Slain by appiemonkey's ghost

Skill      XL: |  1  2  3 |
---------------+----------+-----
Maces & Flails | 3 |  3.9
Unarmed Combat | 1 2 |  2.8
Fighting       | |  2.0
Throwing       | |  1.7
Dodging        | |  2.6

Action                   |  1- 3 |  4- 6 || total
-------------------------+-------+-------++-------
Melee: Flail             |   110 |    40 ||   150
       Kick              |    25 |     5 ||    30
       Punch             |       |     1 ||     1
Throw: Throwing net      |     1 |       ||     1
  Use: Potion            |       |     7 ||     7
       Scroll            |       |     1 ||     1
 Stab: Held in net/web   |     1 |       ||     1
  Eat: Chunk             |       |     2 ||     2
Armor: Leather armour    |    28 |       ||    28
       Scale mail        |    12 |    14 ||    26
       Skin              |       |    10 ||    10
Dodge: Dodged            |    69 |    11 ||    80
